Map: Oxide LE

Players

PartinG - Winner!

  • Race: Protoss Protoss
  • League: Grandmaster
  • Spawn Location: 7:00

Trap

  • Race: Protoss Protoss
  • League: Master
  • Spawn Location: 1:00

VOD

Have the link to the VOD?

Description

Time

  • Played on: Jan. 13, 2021, 9:25 a.m.
  • Length: 7:59
Show
View Real Time Build Order
Export as new Build Order

PartinG Protoss - Winner!

Build Orders: 1 Gate Expand, Mass Adepts 

Get SALT Encoding   

  12  0:00  Probe  
  13  0:12  Probe  
  14  0:17  Pylon  
  14  0:24  Probe  
  15  0:36  Probe  
  15  0:37  Gateway  
  16  0:48  Probe  
  17  1:07  Nexus  
  17  1:11  Assimilator  
  17  1:13  Probe  
  18  1:24  Cybernetics Core  
  18  1:27  Probe  
  19  1:39  Probe  
  20  1:42  Gateway  
  20  1:51  Pylon, Warp Gate (Chrono Boost)  
  20  1:52  Probe  
  21  2:09  Gateway  
  21  2:16  Gateway  
  21  2:23  Pylon, Probe  
  22  2:36  Pylon  
  22  2:39  Pylon  
  22  2:41  Probe x2  
  23  2:54  Probe  
  23  2:55  Probe  
  25  3:10  Probe  
  25  3:12  Probe  
  27  3:15  Adept x2  
  27  3:16  Adept x2  
  35  3:20  Pylon  
  33  3:39  Adept x4  
  39  3:44  Probe x2  
  37  3:49  Assimilator  
  35  3:59  Adept x3  
  37  4:05  Adept  
  37  4:06  Probe  
  37  4:07  Probe  
  37  4:21  Adept x3  
  37  4:22  Probe  
  40  4:31  Shield Battery  
  32  4:39  Probe x2 (Chrono Boost)  
  32  4:40  Robotics Facility  
  32  4:45  Assimilator, Pylon  
  34  4:51  Probe x2 (Chrono Boost)  
  36  4:57  Sentry  
  36  4:59  Pylon, Probe x2 (Chrono Boost)  
  40  5:05  Probe x2  
  40  5:06  Adept  
  44  5:12  Pylon  
  44  5:14  Phoenix  
  44  5:17  Probe x2  
  44  5:18  Adept  
  44  5:19  Sentry  
  50  5:24  Assimilator  
  50  5:31  Gateway  
  50  5:33  Gateway  
  50  5:35  Immortal (Chrono Boost)  
  50  5:36  Gateway  
  54  5:45  Adept x2  
  54  5:47  Phoenix, Probe  
  54  5:48  Probe  
  60  5:53  Sentry  
  60  5:55  Gateway  
  62  5:59  Pylon  
  62  6:04  Pylon  
  62  6:07  Observer (Chrono Boost)  
  63  6:13  Stalker  
  63  6:14  Stalker  
  67  6:19  Pylon  
  67  6:22  Probe x2  
  67  6:23  Warp Prism (Chrono Boost)  
  71  6:37  Stalker x2  
  75  6:41  Stalker  
  75  6:44  Stalker  
  79  6:51  Stalker  
  79  6:52  Pylon  
  81  6:55  Observer  
  82  7:02  Stalker x2  
  86  7:10  Pylon  
  86  7:12  Twilight Council  
  86  7:16  Stalker x2  
  86  7:19  Stalker  
  91  7:29  Adept x2  
  95  7:43  Adept x3  
  97  7:56  Adept x2  
Show
View Real Time Build Order
Export as new Build Order

Trap Protoss 

Build Orders: 1 Gate Expand 

Get SALT Encoding   

  12  0:00  Probe  
  13  0:12  Probe  
  14  0:18  Pylon  
  14  0:24  Probe  
  15  0:36  Probe (Chrono Boost)  
  15  0:39  Gateway  
  16  0:46  Probe (Chrono Boost)  
  17  0:51  Probe (Chrono Boost)  
  18  0:59  Assimilator  
  18  1:05  Probe  
  19  1:21  Nexus  
  19  1:31  Cybernetics Core  
  19  1:34  Probe  
  20  1:40  Assimilator  
  20  1:46  Probe  
  21  1:49  Assimilator  
  21  1:52  Pylon  
  21  1:58  Probe  
  22  2:07  Stalker (Chrono Boost), Warp Gate (Chrono Boost)  
  22  2:10  Probe  
  25  2:20  Gateway  
  25  2:27  Stalker (Chrono Boost)  
  25  2:36  Shield Battery  
  27  2:43  Shield Battery  
  27  2:49  Shield Battery  
  27  2:56  Stalker  
  29  3:05  Probe x2  
  31  3:17  Probe x2  
  31  3:29  Probe x2  
  27  3:49  Adept x2  
  26  3:56  Probe x2 (Chrono Boost)  
  26  4:05  Probe x2 (Chrono Boost)  
  28  4:10  Probe x2 (Chrono Boost)  
  28  4:17  Sentry  
  28  4:22  Probe (Chrono Boost)  
  30  4:29  Phoenix  
  28  4:34  Probe (Chrono Boost)  
  28  4:35  Probe (Chrono Boost)  
  27  4:43  Probe x2 (Chrono Boost)  
  29  4:54  Probe (Chrono Boost)  
  29  4:59  Probe (Chrono Boost)  
  31  5:00  Probe (Chrono Boost)  
  31  5:06  Probe  
  33  5:07  Robotics Facility  
  33  5:09  Probe (Chrono Boost)  
  34  5:21  Probe (Chrono Boost)  
  36  5:23  Probe (Chrono Boost)  
  36  5:29  Probe (Chrono Boost)  
  36  5:32  Probe (Chrono Boost)  
  36  5:35  Probe (Chrono Boost)  
  38  5:39  Assimilator  
  38  5:42  Sentry  
  42  5:44  Pylon  
  42  5:46  Probe (Chrono Boost)  
  42  5:47  Probe (Chrono Boost)  
  43  5:54  Warp Prism  
  43  5:57  Probe (Chrono Boost)  
  46  6:01  Probe  
  47  6:06  Probe  
  48  6:13  Robotics Bay, Probe  
  48  6:18  Pylon  
  50  6:20  Probe (Chrono Boost)  
  50  6:25  Probe (Chrono Boost)  
  51  6:26  Assimilator  
  51  6:30  Observer  
  53  6:35  Probe x2 (Chrono Boost)  
  54  6:40  Probe (Chrono Boost)  
  54  6:42  Probe  
  54  6:43  Twilight Council  
  56  6:51  Probe  
  57  6:54  Probe  
  57  6:56  Disruptor (Chrono Boost)  
  61  7:03  Shield Battery, Probe  
  61  7:05  Shield Battery  
  61  7:08  Gateway  
  62  7:13  Pylon  
  62  7:27  Gateway  
  62  7:28  Disruptor (Chrono Boost)  
  60  7:33  Zealot x2  
  67  7:38  Cybernetics Core  
  65  7:56  Zealot x2  
Tags
 
Add a new tag
Caveats
  • Supply blocks, unpowered buildings, or Contaminate may cause inaccurate times.
  • Supply counts are checked every 10 seconds.